 Dungeon Crawl Stone Soup version 0.19.1 (webtiles) character file.

190 Menchi the Poker (level 5, -11/31 HPs)
             Began as a Tengu Warper on Dec 11, 2016.
             Killed by divine providence
             ... invoked by an orc priest
              (15 damage)
             ... on level 3 of the Dungeon.
             The game lasted 00:14:29 (2306 turns).

Menchi the Poker (Tengu Warper)                     Turns: 2306, Time: 00:14:30

Health: -11/31     AC:  5    Str: 11 (12) XL:     5   Next: 69%
Magic:  7/10       EV: 15    Int: 11 (14) God:
Gold:   116        SH:  0    Dex: 12 (13) Spells: 1 memorised, 7 levels left

rFire  . . .     SeeInvis .     a - +0 spear
rCold  . . .     Gourm    .     b - +0 leather armour
rNeg   . . .     Faith    .     (no shield)
rPois  .         Spirit   .     (helmet restricted)
rElec  .         Reflect  .     m - +0 cloak
rCorr  .         Harm     .     r - +0 pair of gloves
MR     .....                    (boots unavailable)
Stlth  +.........               (no amulet)
                                (no ring)
                                (no ring)

@: no status effects
A: beak, talons 3, repulsion field 1, blurry vision 1, evolution 1, able to fly
1, sturdy frame 1
a: Fly


You were on level 3 of the Dungeon.
You were not hungry.

You visited 1 branch of the dungeon, and saw 3 of its levels.

You collected 116 gold pieces.

Inventory:

Hand Weapons
 a - a +0 spear (weapon)
Missiles
 e - 4 tomahawks of dispersal (quivered)
Armour
 b - a +0 leather armour (worn)
 m - a +0 cloak (worn)
 r - a +0 pair of gloves (worn)
Scrolls
 d - a scroll of blinking
 g - 4 scrolls of identify
 i - a scroll of recharging {unknown}
 j - a scroll of remove curse
Potions
 h - 2 potions of haste {unknown}
 n - a potion of brilliance {unknown}
 p - a potion of curing
Books
 c - a book of Spatial Translocations

   Spells                             Type                      Level
   a - Blink                          Translocation                2
   b - Shroud of Golubria             Charms/Translocation         2
   c - Lesser Beckoning               Translocation                3
   d - Portal Projectile              Translocation                3
   e - Teleport Other                 Translocation                3
   f - Passage of Golubria            Translocation                4
 k - a book of Minor Magic

   Spells                             Type                      Level
   a - Magic Dart                     Conjuration                  1
   b - Blink                          Translocation                2
   c - Call Imp                       Summoning                    2
   d - Repel Missiles                 Charms/Air                   2
   e - Slow                           Hexes                        2
   f - Conjure Flame                  Conjuration/Fire             3
   g - Mephitic Cloud                 Conjuration/Poison/Air       3
Comestibles
 f - 5 bread rations
 l - 7 fruits
 s - 3 meat rations


   Skills:
 + Level 2.5 Fighting
 + Level 4.1 Polearms
 + Level 1.1 Throwing
 + Level 2.3 Armour
 + Level 3.3 Dodging
 + Level 0.2 Stealth
 + Level 2.6 Spellcasting
 + Level 2.5 Translocations


You had 7 spell levels left.
You knew the following spells:

 Your Spells              Type           Power        Failure   Level  Hunger
a - Blink                 Tloc           N/A          17%         2    ###....


Dungeon Overview and Level Annotations

Branches:
Dungeon (3/15)

Altars:
Uskayaw


Innate Abilities, Weirdness & Mutations

You have a beak for a mouth.
You have claws for feet.
You can fly.
You are surrounded by a mild repulsion field. (EV +2)
Scrolls take you a little longer to read.
You evolve.
Your movements are slightly less encumbered by armour. (ER -2)


Message History

You feel a bit more experienced.
You hit the orc priest but do no damage.
Your kick misses the orc priest. Your peck misses the orc priest.
The orc priest is severely wounded.
The orc priest mumbles some strange prayers to Beogh against you.
Pain shoots through your body!
* * * LOW HITPOINT WARNING * * *
Casting: Blink
Confirm with . or Enter, or press ? or * to list all spells.
You blink.
Found an embroidered hat.
Casting: Blink
Confirm with . or Enter, or press ? or * to list all spells.
You blink.
The orc priest looks satisfied for a moment.
Found a scroll of identify.
Found 6 javelins.
The orc priest invokes the aid of Beogh against you.
Beogh smites you!
You die...

#....##....#.....
###....#.....#.....
####......#.....###...
.................)'...
###....o.#....####...
#......#....# #...
#...####....# ####
#...# ####.# #.@.# #.#
#...# ##.# ## (......
.... .. ...#######
#... ..... #.# ....
#.# ###### ....
#.###..... ...
#......... #.........


You could see an orc priest.

Vanquished Creatures
  An orc wizard (D:3)
  4 gnolls (D:2)
  5 adders
  A worm (D:2)
  3 dart slugs
  2 leopard geckos (D:1)
  An orc (D:3)
  3 giant cockroaches
  4 goblins
  3 hobgoblins (D:1)
  11 jackals
  9 kobolds
  2 quokkas (D:2)
  9 bats
  A frilled lizard (D:2)
  25 rats
84 creatures vanquished.

Notes
Turn   | Place    | Note
-------+----------+-------------------------------------------
     0 | D:1      | Menchi the Tengu Warper began the quest for the Orb.
     0 | D:1      | Reached XP level 1. HP: 12/12 MP: 4/4
   145 | D:1      | Reached XP level 2. HP: 8/17 MP: 6/6
   658 | D:1      | Learned a level 2 spell: Blink
   762 | D:1      | Reached XP level 3. HP: 21/21 MP: 7/7
  1317 | D:2      | Reached XP level 4. HP: 27/27 MP: 8/8
  1363 | D:2      | Reached skill level 3 in Polearms
  1364 | D:2      | Found a hide-covered altar of Uskayaw.
  1748 | D:2      | Gained mutation: Your movements are slightly less encumbered by armour. (ER -2) [potion of mutation]
  1748 | D:2      | Gained mutation: You evolve. [potion of mutation]
  1748 | D:2      | Gained mutation: Scrolls take you a little longer to read. [potion of mutation]
  1766 | D:2      | Gained mutation: You can fly. [Tengu growth]
  1766 | D:2      | Reached XP level 5. HP: 25/31 MP: 10/10
  2128 | D:3      | Gained mutation: You are surrounded by a mild repulsion field. (EV +2) [evolution]
  2156 | D:3      | Reached skill level 4 in Polearms
  2306 | D:3      | Killed from afar by an orc priest

Skill      XL: |  1  2  3  4  5 |
---------------+----------------+-----
Polearms       | 3 4 |  4.1
Armour         | 2 |  2.3
Dodging        | 3 |  3.3
Fighting       | |  2.5
Throwing       | |  1.1
Stealth        | |  0.2
Spellcasting   | |  2.6
Translocations | |  2.5

Action                   |  1- 3 |  4- 6 || total
-------------------------+-------+-------++-------
Melee: Spear             |    97 |   203 ||   300
       Kick              |    12 |    24 ||    36
       Peck              |    10 |    19 ||    29
Throw: Tomahawk          |     1 |       ||     1
 Cast: Blink             |     3 |     2 ||     5
  Use: Potion            |       |     6 ||     6
       Scroll            |       |     3 ||     3
  Eat: Chunk             |     2 |     3 ||     5
Armor: Leather armour    |    17 |    33 ||    50
       Skin              |       |    63 ||    63
Dodge: Dodged            |    66 |    91 ||   157
